 Dungeon Crawl Stone Soup version 0.19-a0-1891-ge1d1fe8 (webtiles) character file.

607456 Naow the Commander (level 27, -14/196 HPs)
             Began as a Formicid Fighter on Oct 18, 2016.
             Was a High Priest of Okawaru.
             Killed from afar by an orb of fire (28 damage)
             ... with a bolt of fire
             ... on level 3 of the Realm of Zot.
             The game lasted 03:12:39 (48904 turns).

Naow the Commander (Formicid Fighter)              Turns: 48904, Time: 03:12:40

Health: -14/196    AC: 39    Str: 30    XL:     27
Magic:  0/33       EV: 11    Int: 10    God:    Okawaru [*****.]
Gold:   6362       SH: 30    Dex: 20    Spells: 6 memorised, 43 levels left

rFire  + + .     SeeInvis +     L - +8 frozen axe "Frostbite" {freezing cloud, *Noise +Fly rC+}
rCold  + + +     Gourm    .     b - +2 gold dragon scales
rNeg   + + .     Faith    .     x - +2 large shield {rF+}
rPois  +         Spirit   .     (helmet unavailable)
rElec  +         Reflect  .     t - +2 cloak of Esuoh {rElec rC+ Str+2 Int-3}
rCorr  .         Harm     .     G - +0 pair of fencer's gloves {+Riposte Dex+6}
MR     ++...                    H - +2 pair of boots {run}
Stlth  ..........               I - amulet of regeneration
                                E - ring of the Firefly {+Fly Slay+2}
                                F - ring of Bobb {rPois rN++ Int+3 SInv Stlth-}

@: heroism, finesse, infused, singing, quick
A: permanent stasis, dig shafts and tunnels, four strong arms, antennae 3, agile
2, blurry vision 1, dopey 2, frail 1, low mp 2, screaming 1, no device heal 1,
subdued magic 2
a: Dig, Shaft Self, Heroism, Finesse, Renounce Religion, Stop Singing, Evoke
Flight
}: 3/15 runes: barnacled, silver, gossamer


You were on level 3 of the Realm of Zot.
You worshipped Okawaru.
Okawaru was extremely pleased with you.
You were not hungry.

You visited 11 branches of the dungeon, and saw 49 of its levels.
You visited 2 bazaars.
You also visited: Sewer and Ice Cave.

You collected 7612 gold pieces.
You spent 1250 gold pieces at shops.

Inventory:

Hand Weapons
 y - a +4 executioner's axe of electrocution
 L - the +8 frozen axe "Frostbite" (weapon) {freezing cloud, *Noise +Fly rC+}
   (You took it off a deep elf sorcerer on level 3 of the Elven Halls)

   It has been specially enchanted to freeze those struck by it, causing extra
   injury to most foes and up to half again as much damage against particularly
   susceptible opponents.
   It can also slow down cold-blooded creatures.
   It protects you from cold.
   It lets you fly.
   It may make noises in combat.
Armour
 b - +2 gold dragon scales (worn)
 t - the +2 cloak of Esuoh (worn) {rElec rC+ Str+2 Int-3}
   (You found it on level 12 of the Dungeon)

   It affects your strength (+2).
   It affects your intelligence (-3).
   It protects you from cold.
   It insulates you from electricity.
 x - a +2 large shield of fire resistance (worn)
 G - the +0 pair of fencer's gloves (worn) {+Riposte Dex+6}
   (You found it in an ice cave)

   It affects your dexterity (+6).
 H - a +2 pair of boots of running (worn)
Jewellery
 q - a cursed amulet of inaccuracy {unknown}
 u - a +2 ring of slaying
 E - the ring of the Firefly (right hand) {+Fly Slay+2}
   (You bought it in a shop on level 13 of the Dungeon)

   [ring of flight]

   It affects your accuracy and damage with ranged weapons and melee attacks
   (+2).
   It lets you fly.
 F - the ring of Bobb (left hand) {rPois rN++ Int+3 SInv Stlth-}
   (You took it off a deep elf sorcerer on level 3 of the Elven Halls)

   [ring of intelligence]

   It affects your intelligence (+3).
   It protects you from poison.
   It greatly protects you from negative energy.
   It lets you see invisible.
   It makes you less stealthy.
 I - an amulet of regeneration (around neck)
 O - an uncursed ring of protection from fire
Wands
 l - a wand of random effects (33/48)
Scrolls
 a - 8 scrolls of fog
 c - 2 scrolls of brand weapon
 e - 5 scrolls of magic mapping
 g - 41 scrolls of identify
 j - 2 scrolls of summoning
 k - 23 scrolls of remove curse
 r - 8 scrolls of recharging
 v - 13 scrolls of amnesia
 T - 3 scrolls of fear
Potions
 i - 8 potions of heal wounds
 p - 28 potions of curing
 z - 12 potions of brilliance
 A - 5 potions of cancellation
 B - 7 potions of might
 C - 7 potions of flight
 D - 9 potions of agility
 N - 9 potions of ambrosia
 Q - 2 potions of invisibility
 V - 5 potions of lignification
 Y - a potion of resistance
 Z - a potion of magic
Books
 m - a Grand Grimoire

   Spells                             Type                      Level
   a - Monstrous Menagerie            Summoning                    7
   b - Summon Greater Demon           Summoning                    7
   c - Malign Gateway                 Summoning/Translocation      7
   d - Summon Horrible Things         Summoning                    8
 o - the Grimoire of the Supportive Rocks
   (You found it on level 5 of the Depths)

   Spells                             Type                      Level
   a - Summon Small Mammal            Summoning                    1
   b - Call Imp                       Summoning                    2
   c - Petrify                        Transmutation/Earth          4
   d - Lee's Rapid Deconstruction     Earth                        5
   e - Aura of Abjuration             Summoning                    5
 s - a book of Battle

   Spells                             Type                      Level
   a - Infusion                       Charms                       1
   b - Shroud of Golubria             Charms/Translocation         2
   c - Song of Slaying                Charms                       2
   d - Spectral Weapon                Hexes/Charms                 3
   e - Regeneration                   Charms/Necromancy            3
 w - a book of Power

   Spells                             Type                      Level
   a - Fulminant Prism                Conjuration/Hexes            4
   b - Iskenderun's Mystic Blast      Conjuration                  4
   c - Venom Bolt                     Conjuration/Poison           5
   d - Bolt of Magma                  Conjuration/Fire/Earth       5
   e - Iron Shot                      Conjuration/Earth            6
   f - Orb of Destruction             Conjuration                  7
   g - Spellforged Servitor           Conjuration/Summoning        7
 M - a book of Burglary

   Spells                             Type                      Level
   a - Swiftness                      Charms/Air                   2
   b - Passwall                       Transmutation/Earth          2
   c - Passage of Golubria            Translocation                4
   d - Lee's Rapid Deconstruction     Earth                        5
   e - Darkness                       Hexes                        6
   f - Invisibility                   Hexes                        6
 P - the Reference Book on Lucky Companions
   (You found it on level 3 of the Elven Halls)

   Spells                             Type                      Level
   a - Repel Missiles                 Charms/Air                   2
   b - Spectral Weapon                Hexes/Charms                 3
   c - Call Canine Familiar           Summoning                    3
   d - Recall                         Summoning/Translocation      3
   e - Ring of Flames                 Charms/Fire                  7
 R - a book of Callings

   Spells                             Type                      Level
   a - Summon Small Mammal            Summoning                    1
   b - Call Imp                       Summoning                    2
   c - Call Canine Familiar           Summoning                    3
   d - Summon Guardian Golem          Hexes/Summoning              3
   e - Summon Lightning Spire         Summoning/Air                4
   f - Summon Ice Beast               Ice/Summoning                4
 S - a book of Annihilations

   Spells                             Type                      Level
   a - Poison Arrow                   Conjuration/Poison           6
   b - Chain Lightning                Conjuration/Air              8
   c - Lehudib's Crystal Spear        Conjuration/Earth            8
   d - Glaciate                       Conjuration/Ice              9
   e - Fire Storm                     Conjuration/Fire             9
Miscellaneous
 X - 5 phantom mirrors
Comestibles
 d - a chunk of flesh
 f - 45 bread rations
 h - 11 beef jerkies
 n - 25 meat rations
 J - 83 fruits
 K - 6 royal jellies
 U - 16 slices of pizza


   Skills:
 - Level 18.2(23.2) Fighting
 - Level 22.1(27) Axes
 - Level 21.9(26.9) Armour
 - Level 21.0(26.0) Shields
 + Level 15.0 Spellcasting
 - Level 14.8 Charms
 - Level 23.2 Invocations


You had 43 spell levels left.
You knew the following spells:

 Your Spells              Type           Power        Failure   Level  Hunger
a - Repel Missiles        Chrm/Air       ##....       1%          2    None
b - Song of Slaying       Chrm           ###.....     1%          2    None
c - Swiftness             Chrm/Air       ##......     1%          2    None
d - Infusion              Chrm           ###.         1%          1    None
e - Regeneration          Chrm/Necr      ##........   4%          3    None
f - Spectral Weapon       Hex/Chrm       ##......     4%          3    None


Dungeon Overview and Level Annotations

Branches:
Dungeon (15/15)            Temple (1/1) D:5            Lair (6/6) D:10
 Shoals (4/4) Lair:3       Spider (4/4) Lair:2        Slime (1/5) Lair:6
    Orc (2/2) D:11            Elf (3/3) Orc:2        Vaults (5/5) D:13
  Crypt (0/3) Vaults:3     Depths (5/5) D:15            Zot (3/5) Depths:5

Altars:
Ashenzari
Dithmenos
Elyvilon
Fedhas
Gozag
Hepliaklqana
Okawaru
Ru
Sif Muna
Trog
Uskayaw
Vehumet
Zin
The Shining One
Beogh
Jiyva

Shops:
D:4 *   D:9 *   D:13 *   D:14 *[(   D:15 :   Orc:1 [   Orc:2 [*(:   Shoals:2 :
Shoals:3 *

Portals:
Hell: Depths:1 Depths:2 Depths:3 Depths:4 Depths:5
Abyss: Depths:4
Pandemonium: Depths:3 Depths:5

Annotations:
Lair:4 exclusion: oklob plant
Spider:2 exclusion: Roxanne, Roxanne
Depths:4 exclusion: orange crystal statue


Innate Abilities, Weirdness & Mutations

You are under a permanent stasis effect.
You can dig through walls and to a lower floor.
Your four strong arms can wield two-handed weapons with a shield.
You have a pair of large antennae on your head. (SInv)
You are very agile. (Dex +4)
Scrolls take you a little longer to read.
You are very dopey. (Int -4)
You are frail. (-10% HP)
Your magical capacity is very low. (-20% MP)
You occasionally shout uncontrollably at your foes.
Potions and wands are less effective at restoring your health.
Your spells are easier to cast, but less powerful.


Message History

* * * LOW HITPOINT WARNING * * *
The orb of fire is engulfed in freezing vapours.
The orb of fire glows bright magenta.
Strange energies course through your body.
Your connection to magic feels more subdued.
The deathcap draws from the surrounding life force!
* * * LOW HITPOINT WARNING * * *
The deathcap is healed.
Okay, then.
Really read with blurry vision while enemies are nearby?
Uppercase [Y]es or [N]o only, please.
Really read with blurry vision while enemies are nearby?
Okay, then.
Really read with blurry vision while enemies are nearby?
Uppercase [Y]es or [N]o only, please.
Really read with blurry vision while enemies are nearby?
The death cob is engulfed in freezing vapours.
The orb of fire glows yellow.
The bolt of fire hits you! You resist.
You die...

..[######'++§$[.p''#
....## *+++§zyq12'#
.#...## *+++yzfqz2§#
###...##*+++++fLf''#
.###...##'+++++f''f#
..###...#'''''f'**D#
...###...###...#*z##
#...###...###....##
.....###...###q.@##
..#...###...###...#
[###...###...###..#
..###...###...##..#
...###...#######..#
#.[.###...# #..#
##...###..# #..#
###...##..######..#
.###..######..##..#


You could see 3 orbs of fire, a mottled draconian knight (invisible), an ancient
lich (invisible), an Ice Fiend, 2 curse toes, a black draconian shifter, a death
cob, a quicksilver dragon (berserk), a mottled draconian scorcher, a green
death, a blizzard demon, 3 deathcaps, a moth of wrath and 3 wandering mushrooms.

Vanquished Creatures
  3 orbs of fire
  Mara (D:15)
  A juggernaut (Depths:3)
  The ghost of Niddhogr the Phalangite, a master FoFi of Okawaru (Vaults:4)
  3 ancient liches
  Sojobo (Depths:1)
  Saint Roka (Depths:3)
  Bai Suzhen (Vaults:4)
  3 Killer Klowns (Zot:2)
  A caustic shrike (Depths:2)
  8 golden dragons
  the Enchantress (Depths:4)
  Arachne (Spider:2)
  Nikola (Shoals:1)
  An electric golem (Zot:1)
  Jorgrun (Spider:2)
  2 hellephants (Zot:2)
  13 tentacled monstrosities
  3 deep elf blademasters
  A titan (Vaults:5)
  7 quicksilver dragons
  The ghost of GsBirdie the Executioner, an adept MiBe of Trog (Spider:2)
  Gastronok (Lair:2)
  Polyphemus (Shoals:3)
  2 deep elf master archers (Elf:3)
  3 sphinxes
  3 liches
  Frances (Spider:1)
  A kraken (Shoals:2)
  7 storm dragons
  8 shadow dragons
  5 death cobs
  Donald (Elf:2)
  10 tengu reavers
  7 draconian monks
  Kirke (D:12)
  Ilsuiw (Shoals:4)
  9 frost giants
  10 fire giants
  4 orc warlords
  4 draconian knights
  8 ghost moths
  2 iron dragons
  5 draconian shifters
  6 deep elf sorcerers
  A caustic shrike zombie (Depths:1)
  5 deep elf elementalists
  5 draconian scorchers
  3 draconian zealots
  18 vault wardens
  6 emperor scorpions
  15 ironheart preservers
  A ghost moth (shapeshifter) (Vaults:5)
  27 very ugly things
  4 draconian annihilators
  4 entropy weavers
  A ghoul (Vaults:5)
  3 spriggan defenders (Depths:4)
  4 draconian callers
  9 deep elf demonologists
  A war gargoyle (Vaults:2)
  An entropy weaver (shapeshifter) (Vaults:5)
  19 stone giants
  6 black draconians
  15 purple draconians
  2 vampire knights
  11 white draconians
  12 green draconians
  4 mottled draconians
  Azrael (D:12)
  A yellow draconian (Zot:1)
  5 deep elf annihilators (Elf:3)
  9 merfolk javelineers
  7 red draconians
  15 ettins
  2 spark wasps (Depths:2)
  8 jiangshi
  2 dire elephants (Zot:2)
  A crystal guardian (Vaults:5)
  5 deep elf death magi
  16 yaktaur captains
  11 merfolk impalers
  8 fire dragons
  9 great orbs of eyes
  4 rakshasas
  9 deep elf high priests
  Harold (Lair:3)
  4 merfolk avatars
  4 catoblepae
  29 vault guards
  6 hydras
  10 ice dragons
  2 spriggan air magi
  Erolcha (D:12)
  A hell beast (Depths:1)
  6 merfolk aquamancers
  An anaconda (shapeshifter) (Vaults:5)
  An alligator snapping turtle (Shoals:3)
  13 centaur warriors
  2 satyrs
  5 death knights
  31 dancing weapons
  6 tengu warriors
  3 vampire magi
  24 death yaks
  2 deep troll shamans (Vaults:2)
  18 ogre magi
  7 soul eaters
  4 deep troll earth magi
  A shock serpent (shapeshifter) (Vaults:5)
  4 orc high priests
  14 deep elf knights
  13 slime creatures
  6 spriggan berserkers
  A sun demon (Depths:1)
  A fire crab (shapeshifter) (Vaults:1)
  5 shadow wraiths
  7 death drakes
  A spectral anaconda (Depths:4)
  2 salamander mystics (Depths:2)
  A hell knight (Depths:3)
  2 spark wasp zombies (Depths:4)
  A spriggan druid (Depths:1)
  3 unseen horrors
  A storm dragon zombie (Vaults:3)
  A death drake (shapeshifter) (Vaults:4)
  3 skeletal warriors
  A deep troll (shapeshifter) (Vaults:5)
  A shadow demon (Depths:3)
  4 wizards
  An obsidian statue (Depths:1)
  2 storm dragon skeletons
  7 deep trolls
  16 sea snakes
  6 hill giants
  9 phantasmal warriors
  5 glowing orange brains
  9 deep elf archers
  3 flayed ghosts (Depths:4)
  6 necromancers
  An orange crystal statue (Depths:4)
  4 lindwurms (Depths:5)
  14 ironbrand convokers
  17 harpies
  16 orb spiders
  2 mana vipers (Depths:4)
  A mana viper (shapeshifter) (Elf:3)
  13 orc knights
  An iron dragon zombie (Depths:1)
  29 wolf spiders
  14 orc sorcerers
  32 ugly things
  8 fauns
  A stone giant zombie (Vaults:3)
  10 cyclopes
  59 deep elf magi
  A fire giant zombie (Depths:1)
  A cyclops (shapeshifter) (Vaults:5)
  A faun (shapeshifter) (Elf:3)
  A frost giant zombie (Depths:1)
  13 manticores
  3 salamanders (Depths:2)
  21 moths of wrath
  Maurice (D:8)
  4 human skeletons
  A fire giant skeleton (Vaults:3)
  2 elf zombies
  A rust devil (Depths:1)
  An elephant (shapeshifter) (Vaults:5)
  13 elephants
  3 black mambas
  12 vault sentinels
  A water nymph (shapeshifter) (Vaults:4)
  13 sirens
  3 torpor snails
  6 water nymphs
  2 centaur zombies
  10 spiny frogs
  4 gargoyles (D:15)
  2 orange demons (Depths:1)
  76 yaktaurs
  A spriggan skeleton (Depths:3)
  10 komodo dragons
  A spriggan zombie (Depths:3)
  An efreet (D:15)
  13 demonic crawlers
  7 spectral merfolk (Depths:4)
  5 freezing wraiths
  2 ice devils (Depths:1)
  A tengu conjurer (Depths:3)
  A red devil (Depths:1)
  3 hellwings
  8 wind drakes
  3 meliai (Spider:4)
  2 meliai (shapeshifter)
  5 polar bears
  26 merfolk
  30 jumping spiders
  9 trolls
  11 hornets
  3 blink frogs (Lair:4)
  A harpy skeleton (D:15)
  A merfolk (shapeshifter) (Vaults:5)
  30 two-headed ogres
  Prince Ribbit (D:5)
  2 shadow dragon simulacra
  9 snapping turtles
  A raiju (Depths:4)
  7 dream sheep
  A snapping turtle (shapeshifter) (Elf:3)
  2 centaur simulacra (D:13)
  53 redbacks
  2 air elementals
  21 tarantellas
  2 spriggans (shapeshifter)
  4 spriggans (Depths:4)
  Sigmund (D:3)
  13 hippogriffs
  4 wyverns
  4 shadows
  Eustachio (D:5)
  38 yaks
  2 vampires (Depths:4)
  16 wraiths
  34 water elementals
  7 fire elementals (D:12)
  7 humans
  2 fire bats (Depths:2)
  5 basilisks
  A chaos spawn (Depths:3)
  A steam dragon (shapeshifter) (Vaults:1)
  A hog (D:12)
  2 mottled dragons
  A neqoxec (Depths:3)
  2 hungry ghosts
  18 wargs
  3 vampire mosquitoes (D:14)
  A naga (shapeshifter) (Vaults:5)
  2 wargs (shapeshifter)
  2 hydra simulacra (Depths:4)
  14 water moccasins
  2 soldier ants (D:12)
  9 porcupines
  6 sky beasts
  3 hell hounds (Depths:4)
  A swamp drake (shapeshifter) (Depths:4)
  3 swamp drakes (Depths:5)
  57 orc warriors
  A spectral spriggan (Depths:4)
  A spectral troll (Depths:4)
  A deep troll simulacrum (Depths:1)
  3 floating eyes
  A black bear (D:9)
  8 boggarts
  12 ice beasts
  73 ogres
  26 wolves
  18 centaurs
  3 phantoms
  A tengu (shapeshifter) (Vaults:4)
  16 crocodiles
  15 bullfrogs
  5 big kobolds
  2 earth elementals
  A glowing shapeshifter simulacrum (Depths:4)
  A wyvern skeleton (D:11)
  3 scorpions
  5 spectral ogres (Depths:4)
  A killer bee (shapeshifter) (Depths:3)
  21 killer bees
  A spectral naga (Depths:4)
  6 wights
  3 howler monkeys (D:11)
  6 electric eels
  A spectral centaur (Depths:4)
  14 crimson imps
  A lava snake (D:10)
  3 bullfrog zombies
  A quasit (D:11)
  A wyvern simulacrum (D:13)
  7 jellies
  3 centaur skeletons
  18 orc priests
  7 hounds
  33 orc wizards
  A bullfrog skeleton (D:13)
  4 iron imps (Depths:1)
  4 iguanas
  6 worker ants
  A hell rat (shapeshifter) (Vaults:5)
  A spriggan simulacrum (Depths:4)
  The ghost of Minion the Sneak, a weakling FoAs (D:10)
  A hound skeleton (D:11)
  2 howler monkey zombies
  A worker ant zombie (D:10)
  14 adders
  2 naga simulacra (Depths:4)
  4 river rats (Sewer)
  8 shadow imps
  3 white imps (Depths:1)
  4 ufetubi (D:13)
  An ooze (Sewer)
  An adder zombie (D:9)
  2 adder skeletons
  3 worms (D:2)
  3 dart slugs
  4 leopard geckos
  136 orcs
  8 giant cockroaches
  5 goblins
  8 hobgoblins
  8 jackals
  38 kobolds
  3 quokkas
  5 ball pythons
  5 bats
  3 frilled lizards
  A leopard gecko skeleton (D:4)
  27 rats
  2 crawling corpses (Vaults:5)
  4 fungi
  6 plants
  A tentacle (Shoals:2)
2378 creatures vanquished.

Vanquished Creatures (others)
  Asterion (Spider:2)
  A merfolk aquamancer (Shoals:2)
  A deep elf mage (Elf:2)
  A salamander (Depths:2)
  A redback (Spider:1)
  An air elemental (Elf:3)
  2 tarantellas
  A yak (Lair:6)
  3 humans (D:12)
  2 ogres
  An orc (D:13)
  19 fungi
  14 plants
  A spectral weapon (Zot:3)
  10 tentacles (Shoals:2)
59 creatures vanquished.

Grand Total: 2437 creatures vanquished

Notes
Turn   | Place    | Note
-------+----------+-------------------------------------------
     0 | D:1      | Naow the Formicid Fighter began the quest for the Orb.
     0 | D:1      | Reached XP level 1. HP: 18/18 MP: 1/1
   273 | D:1      | Found a shattered altar of Ashenzari.
   304 | D:1      | Reached XP level 2. HP: 21/24 MP: 2/2
   743 | D:2      | Reached XP level 3. HP: 29/29 MP: 3/3
  1007 | D:2      | Found a glowing golden altar of the Shining One.
  1458 | D:2      | Reached XP level 4. HP: 25/35 MP: 4/4
  1557 | D:3      | Noticed Sigmund
  1578 | D:3      | Killed Sigmund
  1578 | D:3      | Reached skill level 5 in Axes
  1578 | D:3      | Reached XP level 5. HP: 17/41 MP: 5/5
  1578 | D:3      | Reached XP level 6. HP: 20/47 MP: 6/6
  2831 | D:4      | Found a sacrificial altar of Ru.
  2840 | D:4      | Reached XP level 7. HP: 52/52 MP: 7/7
  2908 | D:4      | Found Jifaris's General Store.
  3270 | D:5      | Entered Level 5 of the Dungeon
  3316 | D:5      | Noticed Prince Ribbit
  3318 | D:5      | Noticed Eustachio
  3345 | D:5      | HP: 3/78 [Eustachio/rapier of venom (3)]
  3371 | D:5      | HP: 3/78 [Prince Ribbit (7)]
  3372 | D:5      | Killed Prince Ribbit
  3373 | D:5      | Killed Eustachio
  3373 | D:5      | Reached XP level 8. HP: 4/58 MP: 8/8
  3984 | D:5      | Found a staircase to the Ecumenical Temple.
  3990 | D:5      | Found a hazy altar of Hepliaklqana.
  3996 | Temple   | Entered the Ecumenical Temple
  4032 | Temple   | Became a worshipper of Warmaster Okawaru
  4529 | D:6      | Found a glowing drain.
  4533 | Sewer    | Entered a sewer
  4675 | Sewer    | Reached XP level 9. HP: 65/65 MP: 9/9
  4764 | Sewer    | Reached skill level 10 in Axes
  4837 | Sewer    | Reached skill level 5 in Shields
  5130 | D:6      | Reached * piety under Okawaru
  5524 | D:7      | Reached skill level 5 in Armour
  5747 | D:7      | Reached skill level 5 in Fighting
  5778 | D:7      | Reached ** piety under Okawaru
  5778 | D:7      | Reached skill level 2 in Invocations
  5941 | D:7      | Reached skill level 3 in Invocations
  6381 | D:8      | Reached skill level 4 in Invocations
  6532 | D:8      | Reached skill level 5 in Invocations
  6712 | D:8      | Noticed Maurice
  6718 | D:8      | Killed Maurice
  6718 | D:8      | Reached skill level 6 in Invocations
  6718 | D:8      | Reached XP level 10. HP: 74/74 MP: 10/15
  6803 | D:8      | Reached skill level 7 in Invocations
  6853 | D:8      | Reached skill level 8 in Invocations
  6987 | D:9      | Reached *** piety under Okawaru
  6994 | D:9      | Reached skill level 9 in Invocations
  7063 | D:9      | Noticed a cyan ugly thing
  7082 | D:9      | Killed a cyan ugly thing
  7082 | D:9      | Reached skill level 10 in Invocations
  7397 | D:9      | Got a crude chain mail
  7408 | D:9      | Identified the +3 chain mail of the Demon Prince {Str+2 Dex+2 Stlth+} (You found it on level 9 of the Dungeon)
  7513 | D:9      | Found Quofunill's Assorted Antiques.
  7583 | D:9      | Reached skill level 11 in Invocations
  7630 | D:9      | Reached **** piety under Okawaru
  7878 | D:10     | Entered Level 10 of the Dungeon
  7905 | D:10     | Found a staircase to the Lair.
  7912 | D:10     | Reached XP level 11. HP: 62/79 MP: 16/19
  7923 | D:10     | Noticed Minion's ghost (weakling FoAs)
  7948 | D:10     | Killed Minion's ghost
  8069 | D:10     | Noticed a hill giant
  8074 | D:10     | Killed a hill giant
  8074 | D:10     | Reached ***** piety under Okawaru
  8626 | Lair:1   | Entered Level 1 of the Lair of Beasts
  8633 | Lair:1   | Received a gift from Okawaru
  8908 | Lair:1   | Received a gift from Okawaru
  9433 | Lair:2   | Noticed Gastronok
  9598 | D:11     | Noticed a red ugly thing
  9605 | D:11     | Killed a red ugly thing
  9625 | D:11     | Found a staircase to the Orcish Mines.
  9643 | D:11     | Reached XP level 12. HP: 71/91 MP: 18/20
  9828 | D:11     | Got a scorched wooden ring
  9829 | D:11     | Identified the ring "Ipsewikh" {rN+ Int+2 SInv} (You found it on level 11 of the Dungeon)
 10148 | D:11     | Found a flickering gateway to a bazaar.
 10171 | Bazaar   | Entered a bazaar
 10184 | Bazaar   | Found Teduck's Distillery.
 10184 | Bazaar   | Found Tawah's Gadget Emporium.
 10220 | Bazaar   | Found Luekh's Magic Scroll Shoppe.
 10220 | Bazaar   | Found Nirujus's Magic Scroll Shoppe.
 10257 | Bazaar   | Bought a potion of heal wounds for 55 gold pieces
 10257 | Bazaar   | Bought 2 potions of curing for 66 gold pieces
 10277 | Bazaar   | Bought a scroll of brand weapon for 260 gold pieces
 10277 | Bazaar   | Bought a scroll of enchant weapon for 97 gold pieces
 10385 | D:12     | Got an ichor-stained cloak
 10391 | D:12     | Identified the +2 cloak of Esuoh {rElec rC+ Str+2 Int-3} (You found it on level 12 of the Dungeon)
 10408 | D:12     | Found a frozen archway.
 10408 | D:12     | Noticed an ice dragon
 10417 | D:12     | Killed an ice dragon
 10454 | IceCv    | Entered an ice cave
 10519 | IceCv    | Identified a scroll of acquirement
 10522 | IceCv    | Got a crude lajatang
 10594 | D:12     | Noticed Azrael
 10617 | D:12     | Killed Azrael
 10639 | D:12     | Reached skill level 10 in Shields
 10695 | D:12     | Reached XP level 13. HP: 101/101 MP: 13/21
 10850 | D:12     | Noticed Erolcha
 10855 | D:12     | Killed Erolcha
 10968 | D:12     | Noticed Kirke
 11052 | D:12     | Killed Kirke
 11394 | D:13     | Reached skill level 10 in Fighting
 11531 | D:13     | Reached skill level 10 in Armour
 11566 | D:13     | Noticed a rakshasa
 11607 | D:13     | Killed a rakshasa
 11736 | D:13     | Received a gift from Okawaru
 11754 | D:13     | Reached ****** piety under Okawaru
 12055 | D:13     | Found Lauczu's Assorted Antiques.
 12060 | D:13     | Bought a vibrating jade ring for 185 gold pieces
 12061 | D:13     | Identified the ring of the Firefly {+Fly Slay+2} (You bought it in a shop on level 13 of the Dungeon)
 12079 | D:13     | Found a gate to the Vaults.
 12222 | D:14     | Found Emerururgh's Elemental Accessories.
 12256 | D:14     | Noticed a centaur warrior
 12262 | D:14     | Killed a centaur warrior
 12301 | D:14     | Identified a +0 pair of boots of running (Okawaru gifted it to you on level 13 of the Dungeon)
 12452 | D:14     | Reached XP level 14. HP: 110/110 MP: 22/22
 12543 | D:14     | Found Jokhaff's Antique Armour Shop.
 12567 | D:14     | Found Ryfufe's Antique Weapon Shoppe.
 12584 | D:14     | Found a glowing golden altar of the Shining One.
 12601 | D:14     | Found a blossoming altar of Fedhas.
 12863 | D:15     | Entered Level 15 of the Dungeon
 12863 | D:15     | Found Decim's Book Shoppe.
 13089 | D:15     | Reached skill level 15 in Axes
 13343 | D:12     | Received a gift from Okawaru
 13623 | Lair:2   | Killed Gastronok
 13694 | Lair:2   | Found a hole to the Spider Nest.
 14445 | Lair:3   | Received a gift from Okawaru
 14653 | Lair:3   | Noticed Harold
 14661 | Lair:3   | Killed Harold
 14783 | Lair:3   | Found a staircase to the Shoals.
 15673 | Lair:4   | Reached XP level 15. HP: 74/115 MP: 20/23
 16844 | Lair:6   | Entered Level 6 of the Lair of Beasts
 16849 | Lair:6   | Found a viscous altar of Jiyva.
 16854 | Lair:6   | Found a staircase to the Slime Pits.
 16945 | Lair:6   | Received a gift from Okawaru
 17592 | Lair:6   | Reached XP level 16. HP: 114/122 MP: 19/24
 17599 | Lair:6   | Received a gift from Okawaru
 18149 | Slime:1  | Entered Level 1 of the Pits of Slime
 18153 | Slime:1  | Noticed an acid blob
 18154 | Slime:1  | Gained mutation: You are frail. (-10% HP) [a shining eye]
 18156 | Slime:1  | Gained mutation: You are dopey. (Int -2) [a shining eye]
 18354 | Orc:1    | Entered Level 1 of the Orcish Mines
 18370 | Orc:1    | Reached skill level 15 in Shields
 18452 | Orc:1    | Found a radiant altar of Vehumet.
 18461 | Orc:1    | Found Neimamp's Antique Armour Boutique.
 18622 | Orc:2    | Entered Level 2 of the Orcish Mines
 18787 | Orc:2    | Found Cizoxt's General Store.
 18916 | Orc:2    | Found a staircase to the Elven Halls.
 19130 | Orc:2    | Found Tusad's Antique Weapon Shop.
 19525 | Orc:1    | Found a roughly hewn altar of Beogh.
 19801 | Orc:2    | Found Xetaill's Book Emporium.
 19903 | Orc:2    | Found Leqodosi's Antique Armour Shop.
 20393 | Spider:1 | Entered Level 1 of the Spider Nest
 20715 | Spider:1 | Received a gift from Okawaru
 20742 | Spider:1 | Reached XP level 17. HP: 81/122 MP: 20/25
 20818 | Spider:1 | Noticed Frances
 20960 | Spider:2 | Noticed Arachne
 20972 | Spider:2 | Killed Arachne
 21093 | Spider:2 | Noticed Roxanne
 21110 | Spider:2 | Noticed GsBirdie's ghost (adept MiBe)
 21152 | Spider:2 | Killed GsBirdie's ghost
 21269 | Spider:2 | Noticed Asterion
 21276 | Spider:2 | Noticed Jorgrun
 21280 | Spider:2 | Killed Asterion
 21284 | Spider:2 | Killed Jorgrun
 21338 | Spider:1 | Killed Frances
 21819 | Spider:2 | Received a gift from Okawaru
 22488 | Spider:4 | Entered Level 4 of the Spider Nest
 22850 | Spider:4 | Reached XP level 18. HP: 98/130 MP: 17/26
 23282 | Spider:4 | Received a gift from Okawaru
 23475 | Spider:4 | Got a gossamer rune of Zot
 23793 | Shoals:1 | Entered Level 1 of the Shoals
 23888 | Shoals:1 | Noticed Nikola
 23902 | Shoals:1 | Killed Nikola
 24619 | Shoals:2 | Noticed a kraken
 24631 | Shoals:2 | Killed a kraken
 24631 | Shoals:2 | Received a gift from Okawaru
 25252 | Shoals:2 | Reached XP level 19. HP: 105/137 MP: 25/27
 25297 | Shoals:2 | Found Wypp's Book Boutique.
 25337 | Shoals:2 | Reached skill level 15 in Fighting
 25752 | Shoals:3 | Found Peesot's Island Escapes.
 25781 | Shoals:3 | HP: 6/139 [something/ball of steam (19)]
 26125 | Shoals:3 | Noticed Polyphemus
 26155 | Shoals:3 | Killed Polyphemus
 26168 | Shoals:3 | Received a gift from Okawaru
 26429 | Shoals:4 | Entered Level 4 of the Shoals
 26635 | Shoals:4 | Got a barnacled rune of Zot
 26684 | Shoals:4 | Noticed Ilsuiw
 26841 | Shoals:4 | Killed Ilsuiw
 27469 | Shoals:4 | Reached XP level 20. HP: 153/153 MP: 28/28
 27982 | D:15     | Found a staircase to the Depths.
 28218 | Depths:1 | Entered Level 1 of the Depths
 28218 | Depths:1 | Noticed Mara
 28225 | Depths:1 | Noticed Naow's illusion
 28288 | D:15     | Reached skill level 15 in Armour
 28316 | Depths:1 | Noticed Naow's illusion
 28329 | D:15     | Killed Mara
 28329 | D:15     | Received a gift from Okawaru
 28433 | Depths:1 | Noticed Sojobo
 28453 | Depths:1 | Killed Sojobo
 28453 | Depths:1 | Received a gift from Okawaru
 29274 | Depths:2 | Found a gateway to Hell.
 29359 | Depths:1 | Reached XP level 21. HP: 138/159 MP: 29/29
 30035 | Depths:2 | Noticed a caustic shrike
 30064 | Depths:2 | Killed a caustic shrike
 30079 | Depths:2 | Noticed a golden dragon
 30112 | Depths:2 | Killed a golden dragon
 30268 | Vaults:1 | Entered Level 1 of the Vaults
 30447 | Vaults:1 | Received a gift from Okawaru
 31290 | Vaults:1 | Found a flickering gateway to a bazaar.
 31327 | Bazaar   | Entered a bazaar
 31327 | Bazaar   | Found Ynus's Food Shop.
 31327 | Bazaar   | Found Neurhaott's Assorted Antiques.
 31327 | Bazaar   | Found Ziez's Gadget Shop.
 31329 | Bazaar   | Found Ippul's Magic Scroll Boutique.
 31378 | Bazaar   | Bought a meat ration for 55 gold pieces
 31378 | Bazaar   | Bought a bread ration for 55 gold pieces
 31378 | Bazaar   | Bought a slice of pizza for 16 gold pieces
 31378 | Bazaar   | Bought a meat ration for 55 gold pieces
 31378 | Bazaar   | Bought a bread ration for 55 gold pieces
 31378 | Bazaar   | Bought a slice of pizza for 16 gold pieces
 31378 | Bazaar   | Bought a bread ration for 55 gold pieces
 31378 | Bazaar   | Bought a slice of pizza for 16 gold pieces
 31378 | Bazaar   | Bought a bread ration for 55 gold pieces
 31378 | Bazaar   | Bought a royal jelly for 22 gold pieces
 31378 | Bazaar   | Bought a bread ration for 55 gold pieces
 31378 | Bazaar   | Bought a bread ration for 55 gold pieces
 31378 | Bazaar   | Bought a royal jelly for 22 gold pieces
 31378 | Bazaar   | Bought a meat ration for 55 gold pieces
 31424 | Vaults:1 | Reached XP level 22. HP: 155/165 MP: 27/30
 32076 | Vaults:2 | Received a gift from Okawaru
 32791 | Vaults:2 | Received a gift from Okawaru
 33370 | Vaults:3 | Received a gift from Okawaru
 33694 | Vaults:3 | Found a staircase to the Crypt.
 34245 | Vaults:4 | Reached XP level 23. HP: 171/171 MP: 31/31
 34402 | Vaults:4 | Got a clouded bone ring
 34541 | Vaults:4 | Noticed Bai Suzhen
 34557 | Vaults:4 | Killed Bai Suzhen
 34790 | Vaults:4 | Noticed Niddhogr's ghost (master FoFi)
 34804 | Vaults:4 | Killed Niddhogr's ghost
 34808 | Vaults:4 | Received a gift from Okawaru
 35219 | Vaults:5 | Entered Level 5 of the Vaults
 35254 | Vaults:5 | Received a gift from Okawaru
 35553 | Vaults:5 | Identified Omeluoh's Almanac of Congealing Shape Shifting
 35669 | Vaults:5 | Reached XP level 24. HP: 170/178 MP: 31/31
 35682 | Vaults:5 | Identified the ring "Cianit" {MR+ Str+4} (You found it on level 4 of the Vaults)
 35690 | Vaults:5 | Noticed a golden dragon
 35710 | Vaults:5 | Gained mutation: You occasionally shout uncontrollably at your foes. [a shining eye]
 35737 | Vaults:5 | Killed a golden dragon
 36112 | Vaults:5 | Received a gift from Okawaru
 36418 | Vaults:5 | Reached skill level 12 in Invocations
 36440 | Vaults:5 | Received a gift from Okawaru
 36455 | Vaults:5 | Reached skill level 13 in Invocations
 36888 | Vaults:5 | Noticed an ancient lich
 36899 | Vaults:5 | Killed an ancient lich
 36899 | Vaults:5 | Received a gift from Okawaru
 36899 | Vaults:5 | Reached XP level 25. HP: 171/183 MP: 33/33
 36932 | Vaults:5 | Reached skill level 14 in Invocations
 36951 | Vaults:5 | Got a pair of jewelled gloves
 36996 | Vaults:5 | Identified the +0 pair of gloves of New Discoveries {rC+} (You found it on level 5 of the Vaults)
 37074 | Vaults:5 | Reached skill level 15 in Invocations
 37165 | Vaults:5 | Got a silver rune of Zot
 37899 | Depths:3 | Received a gift from Okawaru
 37899 | Depths:3 | Reached skill level 16 in Invocations
 38170 | Depths:3 | Noticed Saint Roka
 38198 | Depths:3 | Killed Saint Roka
 38198 | Depths:3 | Reached skill level 17 in Invocations
 38273 | Depths:3 | Noticed a juggernaut
 38284 | Depths:3 | Killed a juggernaut
 38488 | Depths:3 | Reached skill level 18 in Invocations
 38913 | Depths:3 | Found a one-way gate leading to the halls of Pandemonium.
 39227 | Elf:1    | Entered Level 1 of the Elven Halls
 39616 | Elf:1    | Reached skill level 19 in Invocations
 39670 | Elf:1    | Reached XP level 26. HP: 183/189 MP: 36/36
 40139 | Elf:1    | Received a gift from Okawaru
 40273 | Elf:2    | Found a runed gate.
 40273 | Elf:2    | Found a runed gate.
 40274 | Elf:2    | Found a runed gate.
 40803 | Elf:2    | Reached skill level 20 in Invocations
 40894 | Elf:2    | Noticed Donald
 40907 | Elf:2    | Killed Donald
 41117 | Elf:3    | Entered Level 3 of the Elven Halls
 41291 | Elf:3    | Reached skill level 21 in Invocations
 42254 | Elf:3    | Reached skill level 22 in Invocations
 42260 | Elf:3    | Got a brightly glowing battleaxe {venom}
 42261 | Elf:3    | Identified the +1 battleaxe of Conversion {venom, *Contam Dex+3} (You took it off a deep elf mage on level 3 of the Elven Halls)
 42449 | Elf:3    | Received a gift from Okawaru
 42474 | Elf:3    | Got a pitted marble ring
 42542 | Elf:3    | Identified the Reference Book on Lucky Companions
 42565 | Elf:3    | Identified the ring of Bobb {rPois rN++ Int+3 SInv Stlth-} (You took it off a deep elf sorcerer on level 3 of the Elven Halls)
 42579 | Elf:3    | Got a smoking wooden ring
 42590 | Elf:3    | Identified the Incunabulum of Feathery Transmutation
 42595 | Elf:3    | Identified the ring "Bycoowow" {+Fly rElec MR+ Dex+3} (You found it on level 3 of the Elven Halls)
 42604 | Elf:3    | Learned a level 2 spell: Repel Missiles
 42607 | Elf:3    | Learned a level 2 spell: Song of Slaying
 42610 | Elf:3    | Learned a level 2 spell: Swiftness
 42612 | Elf:3    | Learned a level 1 spell: Infusion
 43229 | Depths:4 | Noticed the Enchantress
 43261 | Depths:4 | Killed the Enchantress
 43276 | Depths:4 | Reached XP level 27. HP: 150/196 MP: 36/38
 43384 | Depths:4 | Reached skill level 23 in Invocations
 43574 | Depths:4 | Reached skill level 1 in Charms
 43810 | Depths:4 | Noticed an ancient lich
 43818 | Depths:4 | Killed an ancient lich
 43818 | Depths:4 | Reached skill level 5 in Charms
 43963 | Depths:4 | Received a gift from Okawaru
 44281 | Depths:4 | Found a one-way gate to the infinite horrors of the Abyss.
 44585 | Depths:5 | Entered Level 5 of the Depths
 44924 | Depths:5 | Gained mutation: You are agile. (Dex +2) [potion of beneficial mutation]
 44925 | Depths:5 | Gained mutation: You are very agile. (Dex +4) [potion of beneficial mutation]
 44982 | Depths:5 | Reached skill level 10 in Charms
 45031 | Depths:5 | Received a gift from Okawaru
 45203 | Depths:5 | Found a gate to the Realm of Zot.
 45549 | Depths:5 | Identified the Grimoire of the Supportive Rocks
 45722 | Depths:5 | Got a scintillating ruby amulet
 45725 | Depths:5 | Identified the amulet "Esut" {RegenMP Dex+4} (You found it on level 5 of the Depths)
 46083 | Zot:1    | Entered Level 1 of the Realm of Zot
 46576 | Zot:1    | Reached skill level 1 in Spellcasting
 46805 | Zot:1    | Reached skill level 5 in Spellcasting
 47042 | Zot:2    | Received a gift from Okawaru
 47316 | Zot:2    | Noticed an orb of fire
 47318 | Zot:2    | Gained mutation: Your magical capacity is low. (-10% MP) [an orb of fire]
 47332 | Zot:2    | Killed an orb of fire
 47348 | Zot:2    | Reached skill level 10 in Spellcasting
 47353 | Zot:2    | Learned a level 3 spell: Regeneration
 47523 | Zot:2    | Received a gift from Okawaru
 47791 | Zot:3    | Noticed an orb of fire
 47794 | Zot:3    | Gained mutation: Potions and wands are less effective at restoring your health. [an orb of fire]
 47810 | Zot:3    | Killed an orb of fire
 47909 | Zot:3    | Noticed an orb of fire
 47920 | Zot:3    | Gained mutation: You are very dopey. (Int -4) [an orb of fire]
 47924 | Zot:3    | Gained mutation: Your magical capacity is very low. (-20% MP) [an orb of fire]
 47926 | Zot:3    | Gained mutation: Scrolls take you a little longer to read. [an orb of fire]
 47929 | Zot:3    | Killed an orb of fire
 48078 | Zot:3    | Learned a level 3 spell: Spectral Weapon
 48259 | Zot:3    | Found a huge runed gate.
 48294 | Zot:3    | Found a huge runed gate.
 48296 | Zot:3    | Found a huge runed gate.
 48298 | Zot:3    | Found a huge runed gate.
 48298 | Zot:3    | Found a huge runed gate.
 48299 | Zot:3    | Found a huge runed gate.
 48303 | Zot:3    | Found a huge runed gate.
 48303 | Zot:3    | Found a huge runed gate.
 48303 | Zot:3    | Found a huge runed gate.
 48303 | Zot:3    | Found a huge runed gate.
 48303 | Zot:3    | Found a huge runed gate.
 48531 | Zot:3    | Found a huge runed gate.
 48531 | Zot:3    | Found a huge runed gate.
 48531 | Zot:3    | Found a huge runed gate.
 48531 | Zot:3    | Found a huge runed gate.
 48531 | Zot:3    | Found a huge runed gate.
 48532 | Zot:3    | Found a huge runed gate.
 48532 | Zot:3    | Found a huge runed gate.
 48534 | Zot:3    | Found a huge runed gate.
 48887 | Zot:3    | Noticed an ancient lich
 48888 | Zot:3    | Noticed an orb of fire
 48888 | Zot:3    | Noticed an orb of fire
 48888 | Zot:3    | Noticed an orb of fire
 48888 | Zot:3    | Noticed an ancient lich
 48895 | Zot:3    | Killed an ancient lich
 48895 | Zot:3    | Reached skill level 15 in Spellcasting
 48902 | Zot:3    | Gained mutation: Your spells are a little easier to cast, but a little less powerful. [an orb of fire]
 48903 | Zot:3    | Gained mutation: Your spells are easier to cast, but less powerful. [an orb of fire]
 48904 | Zot:3    | Killed from afar by an orb of fire

Vault maps used:
D:1:      eino_arrival_tree_alley, evilmike_ruin_ashenzari
D:2:      corexii_shack, tso_metal_star
D:3:      first_bread, uniq_sigmund
D:4:      serial_shops, nicolae_shop_crystal,
          nicolae_ru_great_annihilating_truth
D:5:      old_standard_altar, uniq_prince_ribbit1, uniq_eustachio
D:6:      gup_sewer_entry_spiral
D:7:      roderic_serpentine_path
D:8:      hangedman_abyss_or_decor_clamps, uniq_maurice
D:9:      minmay_flawed_box, serial_shops, nicolae_shop_statue_plus
D:10:     erik_lair_orcish_takeover, grunt_pizzeria, kennysheep_small_spiral
D:11:     david_orc_2, serial_shops, bzr_entry_dummy
D:12:     lab_entry_generic, portal_ice_cave_entry_animals_and_master,
          uniq_kirke, uniq_erolcha, uniq_azrael
D:13:     david_vaults_2, serial_shops, shop, serial_ice, serial_ice_f,
          serial_ice_d, serial_ice_e, serial_ice_m, serial_ice_b, serial_ice_a,
          serial_ice_h, serial_ice_c
D:14:     basic_altar, serial_shops, nicolae_shop_overgrown_old_shop,
          kennysheep_mini_moat, fedhas_altar_4, nicolae_elemental_shop
D:15:     grunt_enter_depths_hoard, serial_shops, nicolae_shop_crystal,
          minmay_misc_feat_chi
Temple:   regret_index_temple_chain_breaker
Lair:1:   statuecave_lemuel, serial_bayou_shore_b
Lair:2:   nicolae_spider_entry_tight_spaces, uniq_gastronok
Lair:3:   minmay_shoals_entry_lonely_mermaid, columned_hall_lemuel, uniq_harold
Lair:4:   minmay_lair_oklob_chamber, nicolae_quartered_pool_little,
          infiniplex_staircase_pool
Lair:6:   evilmike_catoblepas_cave, slime_altar_1, guppyfry_lair_drakes,
          grunt_megastairs_1, lemuel_fruit_fields
Shoals:1: uniq_nikola
Shoals:2: serial_shops, shop_coins, st_sunken_temple
Shoals:3: nicolae_island_escapes, uniq_polyphemus
Shoals:4: shoals_end_simple, shoal_ilsuiw
Spider:1: uniq_frances
Spider:2: uniq_roxanne, uniq_asterion, uniq_arachne, uniq_jorgrun
Spider:4: grunt_spider_rune_circles
Orc:1:    basic_altar, serial_shops, shop_fountains, bh_open_orc_temple
Orc:2:    grunt_orc_gardens, grunt_orc_garden, grunt_orc_garden,
          grunt_orc_garden, grunt_orc_garden, lightli_orcish_oven
Elf:1:    elf_arrival_002, serial_co_window_serial, co_window_corner_a,
          co_window_corner_a, co_window_paths_b, co_window_paths_a,
          co_window_of_opportunity_a, co_window_corner_a,
          co_window_of_opportunity_a, co_window_corner_b, co_window_cross_3,
          co_window_paths_e, glass_columns_b, hangedman_elf_represent
Elf:2:    amethyst_killhole, minivault_25, lemuel_flamethrower_1, uniq_donald
Elf:3:    elf_hall
Vaults:1: v_rooms_4, ontoclasm_vaults_ring_small, hangedman_vaults_capsules,
          hangedman_vaults_hat, dpeg_vaults_waves,
          nicolae_vaults_disjoint_gnomons, ontoclasm_vaults_twist,
          v_alt_pattern_3, vaults_room_grid, nicolae_vaults_ring_of_whatevers,
          nicolae_vaults_ring_of_whatevers, ontoclasm_vaults_chip,
          grunt_vaults_hallway_long, nicolae_vaults_network_star,
          grunt_vaults_hallway_long, serial_shops, bzr_entry_water
Vaults:2: nicolae_vaults_circle_grid_b, st_more_cells, v_rooms_4,
          ontoclasm_vaults_fault, nicolae_vaults_border_crossing
Vaults:3: hangedman_vaults_pinch, vaults_room_corners, hangedman_vaults_stagger,
          v_misc_18, blue_anna_dwarven_crypt, hangedman_vaults_nails,
          serial_ice_g, v_alt_pattern_6, hangedman_vaults_impose,
          vaults_room_pools, nicolae_vaults_gold_heap, ontoclasm_vaults_gateway
Vaults:4: v_misc_15, v_misc_2, nicolae_vaults_little_squares_4, v_misc_13,
          vaults_dpeg_cross, v_misc_2, v_rooms_4, vaults_room_fours,
          vaults_mumra_hexcomb, v_misc_19, vaults_dpeg_ring,
          grunt_vaults_twisty, ontoclasm_vaults_misaligned,
          ontoclasm_vaults_decontamination, uniq_bai_suzhen
Depths:1: grunt_hell_entry_demonic_statue, minmay_misc_feat_rows,
          eino_tiny_chamber, nrook_loot_triangle, kilobyte_rumbling_trees,
          serial_bayou_shore_a, uniq_sojobo, uniq_mara
Depths:2: minmay_crescents, hellmouth_1, minmay_misc_feat_cross,
          minmay_staircase_windowed_large
Depths:3: minmay_stepped, serial_column_ruins, column_ruins_hut,
          column_ruins_circle_large, column_ruins_grid_1, column_ruins_grid_3,
          column_ruins_open_small, column_ruins_corridor_straight,
          column_ruins_open_small, column_ruins_columns_corner,
          column_ruins_open_tiny_water, serial_bayou_pond_e,
          rand_demon_pan_entry_5, hell_entry, hangedman_corner_corridor,
          serial_bayou_shore_b, uniq_saint_roka
Depths:4: lemuel_river_lethe, abyss_entry, hell_entry, uniq_enchantress
Depths:5: lemuel_castle_with_subvaults, hell_entry, pan_entry
Zot:2:    circus_mu, st_stairs_9
Zot:3:    door_vault
Bazaar:   grunt_bazaar_doublecross, bazaar_minmay_generic_island
Sewer:    sewer_minmay_treatment
IceCv:    ice_cave_statue_garden_teleport

Skill      XL: |  1  2  3  4  5  6  7  8  9 10 11 12 13 14 15 16 17 18 19 20 21 22 23 24 25 26 27 |
---------------+----------------------------------------------------------------------------------+-----
Axes           | 3 4 5 6 8 9 10 11 12 14 16 17 20 21 22 | 22.1
Shields        | 4 6 8 10 11 12 14 15 18 21 | 21.0
Armour         | 4 5 7 9 10 11 13 14 17 20 21 | 21.9
Fighting       | 5 7 9 10 13 14 18 | 18.2
Invocations    | 6 11 13 19 22 23 | 23.2
Charms         | 14 | 14.8
Spellcasting   | 15 | 15.0

Action                   |  1- 3 |  4- 6 |  7- 9 | 10-12 | 13-15 | 16-18 | 19-21 | 22-24 | 25-27 || total
-------------------------+-------+-------+-------+-------+-------+-------+-------+-------+-------++-------
Melee: War axe           |    87 |   142 |   438 |       |       |       |       |       |       ||   667
       Glaive            |       |       |    13 |   463 |   760 |  1144 |   392 |       |       ||  2772
       Broad axe         |       |       |       |       |       |    39 |       |       |       ||    39
       Battleaxe         |       |       |       |       |       |    52 |   783 |   993 |   759 ||  2587
       Executioner's axe |       |       |       |       |       |       |       |       |  1064 ||  1064
 Cast: Song of Slaying   |       |       |       |       |       |       |       |       |    12 ||    12
       Infusion          |       |       |       |       |       |       |       |       |    11 ||    11
       Repel Missiles    |       |       |       |       |       |       |       |       |     1 ||     1
       Swiftness         |       |       |       |       |       |       |       |       |     1 ||     1
       Spectral Weapon   |       |       |       |       |       |       |       |       |     1 ||     1
Invok: Heroism           |       |       |     6 |    17 |    34 |    42 |    36 |    26 |    44 ||   205
       Finesse           |       |       |       |     4 |     8 |    17 |    12 |     7 |    16 ||    64
 Abil: Dig               |       |       |       |     1 |     3 |       |       |       |       ||     4
       Evoke Flight      |       |       |       |       |       |       |     1 |       |     1 ||     2
  Use: Potion            |       |       |     9 |     2 |       |     4 |     7 |    11 |     6 ||    39
       Scroll            |       |       |       |    22 |     5 |     4 |    13 |     3 |     8 ||    55
 Stab: Distracted        |       |       |       |       |     2 |       |     1 |     1 |       ||     4
       Petrified         |       |       |       |       |     3 |       |       |       |       ||     3
       Paralysed         |       |       |       |       |       |     1 |       |       |       ||     1
  Eat: Chunk             |     1 |     5 |    14 |    13 |    24 |    26 |    20 |    14 |    25 ||   142
       Bread ration      |       |       |       |       |       |       |       |     1 |     3 ||     4
Armor: Scale mail        |    41 |    59 |   140 |    40 |       |       |       |       |       ||   280
       Skin              |       |       |    16 |       |       |       |       |       |       ||    16
       Chain mail        |       |       |       |    69 |       |       |       |       |       ||    69
       Plate armour      |       |       |       |    39 |   299 |   390 |   223 |   144 |       ||  1095
       Gold dragon scale |       |       |       |       |       |       |       |    13 |   405 ||   418
Dodge: Dodged            |    14 |    49 |   153 |   122 |   178 |   243 |   147 |   110 |   170 ||  1186
Block: Shield            |    43 |    61 |   231 |   243 |   357 |   213 |       |       |       ||  1148
       Large shield      |       |       |       |       |       |   901 |  1295 |   882 |  1476 ||  4554
       Rpst.: Glaive     |       |       |       |     1 |    35 |    42 |     5 |       |       ||    83
       Battleaxe         |       |       |       |       |       |     1 |    13 |    13 |     8 ||    35
       Executioner's axe |       |       |       |       |       |       |       |       |    15 ||    15
